 Dungeon Crawl Stone Soup version 0.28-a0-556-gab23d0e057 (webtiles) character file.

Game seed: 16278133810934575987

140 Rennog the Skirmisher (level 5, -1/44 HPs)
             Began as a Mummy Fighter on Sept 28, 2021.
             Slain by an orc (4 damage)
             ... on level 3 of the Dungeon.
             The game lasted 00:02:22 (3322 turns).

Rennog the Skirmisher (Mummy Fighter)               Turns: 3322, Time: 00:02:23

Health: -1/44      AC:  6    Str: 19    XL:     5   Next: 2%
Magic:  5/5        EV: 10    Int:  8    God:
Gold:   85         SH:  4    Dex: 12    Spells: 4/4 levels left

rFire   x . .      SeeInvis .   a - +0 rapier
rCold   + + .      Faith    .   c - +0 buckler
rNeg    + + +      Spirit   .   b - +0 scale mail
rPois   ∞          Reflect  .   (no helmet)
rElec   .          Harm     .   (no cloak)
rCorr   .          Rampage  .   (no gloves)
Will    .....                   (no boots)
Stlth   ..........              (no amulet)
HPRegen 0.14/turn               d - ring of protection from cold
MPRegen 0.09/turn               (no ring)

@: slowed, very slow
A: cold resistance 1, negative energy resistance 3, torment resistance 2, heat
vulnerability 1, no potions
a: no special abilities


You were on level 3 of the Dungeon.
You visited 1 branch of the dungeon, and saw 3 of its levels.

You collected 85 gold pieces.

Inventory:

Hand Weapons
 a - a +0 rapier (weapon)
Armour
 b - a +0 scale mail (worn)
 c - a +0 buckler (worn)
Jewellery
 d - a ring of protection from cold (left hand)
 i - a ring of magical power
Wands
 j - a wand of flame (10)
Scrolls
 e - a scroll of fog {unknown}
 f - 2 scrolls of magic mapping {unknown}
 g - a scroll of enchant weapon {unknown}
 h - 3 scrolls of identify {unknown}
 k - a scroll of vulnerability {unknown}
 l - a scroll of amnesia {unknown}


   Skills:
 * Level 5.0 Fighting
 - Level 1.5 Short Blades
 - Level 2.4 Armour
 + Level 2.0 Dodging
 - Level 2.4 Shields


You had 4 spell levels left.
You didn't know any spells.
Your spell library contained the following spells:

 Spells                   Type           Power      Damage    Failure   Level
 Animate Skeleton         Necr           0%         N/A       85%         1
 Pain                     Necr           0%         1d4       85%         1
 Ensorcelled Hibernation  Hex/Ice        0%         N/A       94%         2
 Vampiric Draining        Necr           0%         2d6       99%         3
 Spider Form              Tmut/Pois      Unusable   N/A       N/A         3

Dungeon Overview and Level Annotations

Branches:
Dungeon (3/15)

Altars:
Fedhas

Shops:
D:1 ?


Innate Abilities, Weirdness & Mutations

You are immune to poison.
Your flesh is cold resistant. (rC+)
You are immune to negative energy. (rN+++)
You are immune to unholy pain and torment.
You are vulnerable to heat. (rF-)
You do not drink.


Message History

Natasha is lightly wounded.
Natasha casts a spell.
You hit Natasha but do no damage.
Natasha is lightly wounded.
Natasha claws you. You block Natasha's attack.
You hit Natasha.
Natasha is moderately wounded.
You block Natasha's attack. Natasha barely misses you.
You hit Natasha but do no damage.
Natasha is moderately wounded.
Natasha claws you. Natasha closely misses you.
You hit Natasha.
Natasha is moderately wounded.
Natasha claws you. Natasha claws you but does no damage.
You barely miss Natasha.
Natasha is moderately wounded.
The iron imp shouts, "Out, out, thou spongy milk-livered bounder!"
Natasha claws you.
You puncture Natasha!
Natasha is almost dead.
You block Natasha's attack. Natasha claws you.
You barely miss Natasha.
Natasha is almost dead.
Natasha claws you but does no damage. Natasha claws you.
* * * LOW HITPOINT WARNING * * *
You hit Natasha but do no damage.
Natasha is almost dead.
Natasha stares at you and mumbles some strange words.
The magic dart hits you!
* * * LOW HITPOINT WARNING * * *
You hit Natasha.
You kill Natasha!
Natasha screams in fury as she dies!
The iron imp disappears in a puff of smoke!
Your Fighting skill increases to level 5!
Your Dodging skill increases to level 2!
You have reached level 5!
You feel clever. The orc hits you with a +0 dagger.
You die...

#. #. ##############.# ##
................ ...
###<........##.. ...#
#.......#.##.. ....#
###....##.#...#.###.§...#
.......# .#.#.#..oSo....#
.......##.#.#.##@##o....#
.......##.#.#....# ....#
.....#.##.#.##...########
.....#..#...........#
.....##.###.........#
.....##..##.........#
..†..###.##.........#
.....#....#.........#
.....#....#.........#


You could see an adder and 2 orcs.

Vanquished Creatures
  Natasha (D:3)
  3 gnolls
  2 adders
  A worm (D:2)
  4 orcs (D:2)
  4 ball pythons
  A bat (D:2)
  4 endoplasms
  A giant cockroach (D:1)
  2 goblins (D:2)
  10 hobgoblins
  10 jackals (D:1)
  3 quokkas
  6 kobolds
  6 rats
58 creatures vanquished.

Notes
Turn   | Place    | Note
-------+----------+-------------------------------------------
     0 | D:1      | Rennog the Mummy Fighter began the quest for the Orb.
     0 | D:1      | Reached XP level 1. HP: 18/18 MP: 1/1
   328 | D:1      | Reached XP level 2. HP: 23/24 MP: 2/2
   421 | D:1      | Found Zyxapt's Magic Scroll Shop.
   769 | D:1      | Reached skill level 1 in Dodging
  1057 | D:1      | Reached XP level 3. HP: 29/30 MP: 3/3
  1249 | D:2      | Reached skill level 4 in Fighting
  2023 | D:2      | Reached XP level 4. HP: 38/38 MP: 4/4
  2023 | D:2      | Found a blossoming altar of Fedhas.
  2701 | D:2      | Found a faded altar of an unknown god.
  3301 | D:3      | Noticed Natasha
  3321 | D:3      | Killed Natasha
  3322 | D:3      | Reached skill level 5 in Fighting
  3322 | D:3      | Reached XP level 5. HP: 2/44 MP: 5/5
  3322 | D:3      | Slain by an orc

Illustrated notes

Levels and vault maps discovered:
D:1:      grunt_arrival_crossed_arrows, layout_basic, serial_shops, shop
D:2:      layout_basic, basic_altar,
          hellmonk_ecumenical_altar_pennies_from_heaven
D:3:      minmay_spotlight, layout_basic, uniq_natasha

Skill      XL: |  1  2  3  4 |
---------------+-------------+-----
Dodging        | 1 2 |  2.0
Fighting       | 4 5 |  5.0
Short Blades   | |  1.5
Armour         | |  2.4
Shields        | |  2.4

Action                   |  1- 3 |  4- 6 || total
-------------------------+-------+-------++-------
Melee: Rapier            |   115 |   108 ||   223
Armor: Scale mail        |    49 |    39 ||    88
Dodge: Dodged            |    56 |    43 ||    99
Block: Buckler           |    26 |    19 ||    45

Table legend: (Time is in decaauts)
 A = Elapsed time spent in this place.
 B = Non-inter-level travel time spent in this place.
 C = Inter-level travel time spent in this place.
 D = Time resting spent in this place.
 E = Time spent auto-exploring this place.
 F = Levels seen in this place.
 G = Mean time per level.
                   A        B        C        D        E       F      G
               +--------+--------+--------+--------+--------+-----+--------+
         Total |   3371 |   3311 |     60 |    424 |   2414 |   3 | 1123.7 |
       Dungeon |   3371 |   3311 |     60 |    424 |   2414 |   3 | 1123.7 |
               +--------+--------+--------+--------+--------+-----+--------+

Top non-repeatable levels by time:
     D:1: 1666 daAuts
     D:2: 1480 daAuts
     D:3: 224 daAuts
